 Dungeon Crawl Stone Soup version 0.14.1-1-g650416f (webtiles) character file.

171 Quh the Chopper (level 4, 0/40 HPs)
             Began as a Hill Orc Fighter on May 4, 2014.
             Killed from afar by an orc wizard (2 damage)
             ... with a magic dart
             ... on Level 3 of the Dungeon.
             The game lasted 00:17:18 (2053 turns).

Quh the Chopper (Hill Orc Fighter)                  Turns: 2053, Time: 00:17:18

HP   0/40        AC  8     Str 19      XL: 4   Next: 46%
MP   4/4         EV  6     Int  8      God:
Gold 87          SH 18     Dex 10      Spells:  0 memorised,  3 levels left

rFire  . . .     SeeInvis .     a - +0 war axe
rCold  . . .     Clarity  .     b - +0 scale mail
rNeg   . . .     Conserve .     c - +0 shield
rPois  .         rCorr    .     u - +0 helmet
rElec  .         rRot     .     (no cloak)
SustAb . .       Spirit   .     (no gloves)
rMut   .         Warding  .     (no boots)
Saprov + . .     Stasis   .     (no amulet)
MR     .....                    (no ring)
                                (no ring)

@: not resistant to hostile enchantments, extremely unstealthy
A: saprovore 1
a: no special abilities


You were on level 3 of the Dungeon.
You were not hungry.

You visited 1 branch of the dungeon, and saw 3 of its levels.

You collected 87 gold pieces.

Inventory:

Hand weapons
 a - a +0,+0 war axe (weapon)
 v - a +0,+1 sling of flame
 w - a +0,+0 sling
Missiles
 f - an exploding dart
 g - 16 darts of frost
 i - 36 bolts
 m - 6 arrows
 n - 13 darts (quivered)
 p - 36 stones
Armour
 b - a +0 scale mail (worn)
 c - a +0 shield (worn)
 u - a +0 helmet (worn)
Comestibles
 d - 3 meat rations
 q - a choko
 r - 2 bread rations
 x - a lemon
 A - a chunk of giant cockroach flesh
Scrolls
 h - 2 scrolls of identify
 k - 2 scrolls of fog
 o - 2 scrolls of remove curse {unknown}
 s - 2 scrolls of teleportation {unknown}
 y - a scroll of fear {unknown}
 z - 3 scrolls of amnesia {unknown}
Potions
 e - 2 potions of might
 j - a potion of curing
 l - 2 potions of brilliance


   Skills:
 - Level 3.7 Fighting
 * Level 5.5 Axes
 - Level 3.6 Armour
 - Level 3.4 Shields


You had 3 spell levels left.
You didn't know any spells.

Dungeon Overview and Level Annotations

Branches:
Dungeon (3/15)

Altars:

Portals:
Sewer: D:3


Innate Abilities, Weirdness & Mutations

You can tolerate rotten meat.


Message History

The orc wizard is lightly wounded.
The orc wizard hits you with a dagger.
* * * LOW HITPOINT WARNING * * *
The orc wizard glows brightly for a moment.
The orc wizard points at you and mumbles some strange words.
The magic dart hits you!
* * * LOW HITPOINT WARNING * * *
The orc wizard hits you but does no damage.
The orc wizard glows brightly for a moment.
The green rat twitches its whiskers.
You block the orc wizard's attack. The orc wizard casts a spell at you.
The puff of frost hits you!
* * * LOW HITPOINT WARNING * * *
The green rat twitches its whiskers.
The orc wizard points at you and mumbles some strange words.
You block the puff of flame.
The orc wizard points at you and mumbles some strange words.
The magic dart hits you!
You die...

#.# ##.# #r.# #o## ## #.#
###. #.# #.. ##o#######
##'###### #........# #
#.......### #@.......#
###.......'.####........#
.##.......#.............#
.##.......######........#
..#.......# #........#
#.'.......# ##########
###.......# #########


You could see an orc wizard, a green rat and an orc.

Vanquished Creatures
  2 adders (D:2)
  A worm (D:3)
  2 giant mites
  2 giant geckos
  5 goblins
  5 hobgoblins
  5 kobolds (D:1)
  2 quokkas (D:2)
  A ball python (D:3)
  7 bats
  4 giant cockroaches
  3 giant newts
  8 rats
47 creatures vanquished.

Notes
Turn   | Place    | Note
--------------------------------------------------------------
     0 | D:1      | Quh, the Hill Orc Fighter, began the quest for the Orb.
     0 | D:1      | Reached XP level 1. HP: 19/19 MP: 1/1
    92 | D:1      | Reached XP level 2. HP: 14/27 MP: 2/2
   810 | D:1      | Reached skill level 4 in Axes
   810 | D:1      | Reached XP level 3. HP: 33/33 MP: 3/3
  1332 | D:2      | Reached skill level 5 in Axes
  1332 | D:2      | Reached XP level 4. HP: 40/40 MP: 4/4
  2015 | D:3      | Found a glowing drain.
  2049 | D:3      | HP: 2/40 [orc wizard/puff of frost (4)]
  2053 | D:3      | Killed from afar by an orc wizard

Action                   |  1- 3 |  4- 6 || total
-------------------------+-------+-------++-------
Melee: War axe           |   117 |    60 ||   177
Throw: Dart              |    13 |    10 ||    23
  Use: Scroll            |     1 |       ||     1
